 Dungeon Crawl Stone Soup version 0.21-a0-29-g43b3074 (webtiles) character file.

109 grindst0ne the Skirmisher (level 5, 0/43 HPs)
             Began as a Formicid Fighter on May 26, 2017.
             Killed from afar by Sigmund (11 damage)
             ... with a puff of flame
             ... on level 3 of the Dungeon.
             The game lasted 00:03:18 (2202 turns).

grindst0ne the Skirmisher (Formicid Fighter)        Turns: 2202, Time: 00:03:19

Health: 0/43       AC:  6    Str: 21    XL:     5   Next: 13%
Magic:  5/5        EV:  7    Int:  7    God:
Gold:   173        SH:  9    Dex: 11    Spells: 4/4 levels left

rFire    . . .     SeeInvis +   a - +0 war axe
rCold    . . .     Gourm    .   c - +0 shield
rNeg     . . .     Faith    .   b - +0 scale mail
rPois    .         Spirit   .   (helmet unavailable)
rElec    .         Reflect  .   m - scarf {cloud immunity}
rCorr    .         Harm     .   (no gloves)
MR       .....                  (no boots)
Stlth    ..........             (no amulet)
Regen    0.2/turn               (no ring)
MPRegen  0.1/turn               (no ring)

@: no status effects
A: permanent stasis, dig shafts and tunnels, four strong arms, antennae 3
a: Dig, Shaft Self


You were on level 3 of the Dungeon.
You were hungry.

You visited 1 branch of the dungeon, and saw 3 of its levels.

You collected 173 gold pieces.

Inventory:

Hand Weapons
 a - a +0 war axe (weapon)
Armour
 b - a +0 scale mail (worn)
 c - a +0 shield (worn)
 m - a scarf of cloud immunity (worn)
Scrolls
 g - a scroll of immolation {unknown}
 i - 2 scrolls of remove curse {unknown}
 j - a scroll of fog {unknown}
 l - 2 scrolls of enchant weapon {unknown}
 n - 2 scrolls of identify {unknown}
 r - a scroll of recharging {unknown}
Potions
 d - a potion of might
Books
 p - a Fen Folio

   Spells                             Type                      Level
   a - Corpse Rot                     Necromancy                   2
   b - Stone Arrow                    Conjuration/Earth            3
   c - Leda's Liquefaction            Hexes/Earth                  4
   d - Summon Forest                  Summoning/Translocation      5
   e - Hydra Form                     Transmutation                6
   f - Summon Hydra                   Summoning                    7
Comestibles
 f - 2 bread rations
 h - 3 meat rations
 k - a royal jelly
 o - a chunk of flesh
 q - 3 fruits


   Skills:
 + Level 4.7 Fighting
 + Level 3.7 Axes
 - Level 3.2 Armour
 - Level 3.6 Shields


You had 4 spell levels left.
You didn't know any spells.

Dungeon Overview and Level Annotations

Branches:
Dungeon (3/15)

Altars:
Cheibriados
Kikubaaqudgha

Annotations:
D:3 Sigmund


Innate Abilities, Weirdness & Mutations

You cannot be hasted, slowed, berserked, paralysed or teleported.
You can dig through walls and to a lower floor.
Your four strong arms can wield two-handed weapons with a shield.
You have a pair of large antennae on your head. (SInv)


Message History

You retract your mandibles.
You block Sigmund's attack.
You extend your mandibles.
You dig through the rock wall.
You dig through the rock wall.
You dig through the rock wall.
You dig through the rock wall.
You dig through the rock wall.
You retract your mandibles.
Sigmund points at you and mumbles some strange words.
You resist with some effort.
You extend your mandibles.
You dig through the rock wall.
You retract your mandibles.
A kobold comes into view. It is wielding a whip.
The kobold shouts!
Sigmund says, "I'm your fate."
Okay, then.
Sigmund points at you and mumbles some strange words.
The puff of flame hits you!
You die...

##..# #.... #...#
#.K.# #...# #...#
#...# # #.<.#
#.#.@.#####
###.#.......#
#.....#.###.#
#.#.#@#.(.#.######
#................
####......#######
#.##.#.## ##.#.#.#
#.##.#.#


You could see Sigmund and a kobold.

Vanquished Creatures
  6 adders
  An ooze (D:1)
  A dart slug (D:2)
  3 leopard geckos
  5 goblins
  4 hobgoblins
  5 jackals (D:1)
  7 kobolds
  6 bats
  4 frilled lizards
  7 rats
49 creatures vanquished.

Notes
Turn   | Place    | Note
-------+----------+-------------------------------------------
     0 | D:1      | grindst0ne the Formicid Fighter began the quest for the Orb.
     0 | D:1      | Reached XP level 1. HP: 18/18 MP: 1/1
    22 | D:1      | Reached XP level 2. HP: 19/24 MP: 2/2
   561 | D:1      | Reached skill level 4 in Fighting
   561 | D:1      | Reached XP level 3. HP: 29/30 MP: 3/3
  1114 | D:2      | Reached XP level 4. HP: 37/37 MP: 4/4
  1483 | D:2      | Found an ancient bone altar of Kikubaaqudgha.
  1705 | D:2      | Reached XP level 5. HP: 43/43 MP: 5/5
  1805 | D:2      | Found a snail-covered altar of Cheibriados.
  2173 | D:3      | Noticed Sigmund
  2202 | D:3      | Killed from afar by Sigmund

Vault maps used:
D:1:      minmay_arrival_three_doors
D:2:      kennysheep_slug_shrine, kiku_gazebo_pond_becter, kennysheep_path_1
D:3:      nicolae_dithmenos_through_a_glass_darkly,
          nicolae_ru_great_annihilating_truth, chequers_ecumenical_altar_lobes,
          uniq_sigmund

Skill      XL: |  1  2  3 |
---------------+----------+-----
Fighting       | 4 |  4.7
Axes           | 3 |  3.7
Armour         | |  3.2
Shields        | |  3.6

Action                   |  1- 3 |  4- 6 || total
-------------------------+-------+-------++-------
Melee: War axe           |    74 |    71 ||   145
 Abil: Dig               |       |     5 ||     5
  Use: Potion            |       |     1 ||     1
  Eat: Chunk             |       |     4 ||     4
Armor: Scale mail        |    30 |    26 ||    56
Dodge: Dodged            |    32 |    13 ||    45
Block: Shield            |    44 |    37 ||    81
